General information
- name: BNet
- type: Ladder team game (AT/RT)
- host: Battle.net
- saver: YeahShesAssBATS
map: Deadlock
- players: 8
- length: 33:55
- speed: Fast
- version: 1.21 W3XP
- replay type: Public
» download(308 KB)
Players
team 1 (winner)
CORRUPTEDEVIL (
purple | 99 APM | 3352 actions | 33:55)
4 Pandaren Brewmaster
2 Breath of Fire
2 Drunken Haze
» actions
| Assign group hotkey | 136 | |
| Basic commands | 19 | |
| Build / train | 73 | |
| ESC pressed | 2 | |
| Enter build submenu | 22 | |
| Enter hero's abilities submenu | 5 | |
| Give item / drop item | 1 | |
| Remove unit from queue | 1 | |
| Right click | 1333 | |
| Select / deselect | 437 | |
| Select group hotkey | 1191 | |
| Use ability | 132 | |
3352 total
» units
» upgrades
| Strength of the Moon | 1 | |
| Moon Armor | 1 | |
| Ultravision | 1 | |
3 total
» buildings
| Moon Well | 4 | |
| Altar of Elders | 1 | |
| Hunter's Hall | 1 | |
| Ancient of War | 3 | |
| Tree of Life | 8 | |
17 total
» build order
00:20 Moon Well
00:25 Altar of Elders
02:09 Hunter's Hall
02:10 Ancient of War
02:14 Ancient of War
02:35 Ancient of War
03:03 Moon Well
04:00 Moon Well
06:40 Tree of Life
08:41 Moon Well
13:31 Tree of Life
16:38 Tree of Life
22:55 Tree of Life
22:58 Tree of Life
26:28 Tree of Life
26:30 Tree of Life
28:01 Tree of Life
» items
| Scroll of Town Portal | 6 | |
| Scroll of Protection | 2 | |
| Scroll of Healing | 2 | |
| Boots of Speed | 1 | |
| Potion of Lesser Invulnerability | 2 | |
| Dust of Appearance | 1 | |
| Orb of Corruption | 1 | |
15 total
monKEYspanKING (
orange | 90 APM | 3061 actions | 33:55)
6 Pandaren Brewmaster
3 Breath of Fire
3 Drunken Haze
» actions
| Assign group hotkey | 51 | |
| Basic commands | 83 | |
| Build / train | 68 | |
| Enter build submenu | 22 | |
| Enter hero's abilities submenu | 6 | |
| Right click | 1803 | |
| Select / deselect | 353 | |
| Select group hotkey | 587 | |
| Use ability | 88 | |
3061 total
» units
| Wisp | 28 | |
| Huntress | 16 | |
| Archer | 3 | |
| Dryad | 1 | |
48 total
» upgrades
| Strength of the Moon | 1 | |
| Improved Bows | 1 | |
| Abolish Magic | 1 | |
| Moon Armor | 1 | |
4 total
» buildings
| Altar of Elders | 1 | |
| Moon Well | 6 | |
| Hunter's Hall | 1 | |
| Ancient of War | 2 | |
| Tree of Ages | 1 | |
| Tree of Life | 5 | |
| Ancient of Lore | 2 | |
| Ancient of Wonders | 1 | |
| Ancient Protector | 1 | |
20 total
» build order
00:41 Altar of Elders
00:55 Moon Well
02:11 Hunter's Hall
02:17 Ancient of War
02:46 Ancient of War
03:25 Moon Well
03:44 Moon Well
04:29 Moon Well
06:20 Moon Well
11:33 Tree of Ages
14:22 Tree of Life
17:02 Ancient of Lore
17:03 Ancient of Lore
17:55 Tree of Life
19:08 Moon Well
20:43 Ancient of Wonders
21:27 Ancient Protector
24:27 Tree of Life
31:21 Tree of Life
31:27 Tree of Life
» items
| Scroll of Town Portal | 3 | |
| Scroll of Protection | 2 | |
| Scroll of Healing | 2 | |
7 total
STFU_NOOBELF (
red | 72 APM | 2443 actions | 33:55)
6 Death Knight
3 Death Coil
2 Unholy Aura
1 Animate Dead
5 Lich
3 Frost Nova
2 Dark Ritual
4 Crypt Lord
2 Impale
2 Spiked Carapace
» actions
| Assign group hotkey | 166 | |
| Basic commands | 19 | |
| Build / train | 64 | |
| Enter build submenu | 16 | |
| Enter hero's abilities submenu | 16 | |
| Give item / drop item | 2 | |
| Remove unit from queue | 1 | |
| Right click | 1298 | |
| Select / deselect | 353 | |
| Select group hotkey | 419 | |
| Use ability | 89 | |
2443 total
» units
| Acolyte | 10 | |
| Ghoul | 2 | |
| Crypt Fiend | 8 | |
| Frost Wyrm | 6 | |
26 total
» upgrades
| Creature Attack | 3 | |
| Creature Carapace | 3 | |
| Freezing Breath | 1 | |
7 total
» buildings
| Graveyard | 1 | |
| Crypt | 1 | |
| Ziggurat | 6 | |
| Altar of Darkness | 1 | |
| Tomb of Relics | 1 | |
| Halls of the Dead | 1 | |
| Spirit Tower | 1 | |
| Black Citadel | 1 | |
| Sacrificial Pit | 1 | |
| Boneyard | 3 | |
17 total
» build order
00:06 Graveyard
00:07 Crypt
00:18 Ziggurat
00:22 Altar of Darkness
00:57 Tomb of Relics
01:24 Ziggurat
02:24 Ziggurat
03:47 Halls of the Dead
04:22 Spirit Tower
06:15 Black Citadel
07:21 Sacrificial Pit
09:42 Boneyard
09:43 Boneyard
09:45 Boneyard
10:07 Ziggurat
10:10 Ziggurat
11:35 Ziggurat
» items
| Rod of Necromancy | 1 | |
| Dust of Appearance | 2 | |
| Scroll of Town Portal | 4 | |
| Orb of Corruption | 1 | |
| Potion of Mana | 1 | |
9 total
YeahShesAssBATS (
green | 69 APM | 2334 actions | 33:55)
4 Pandaren Brewmaster
2 Breath of Fire
2 Drunken Haze
» actions
| Assign group hotkey | 11 | |
| Basic commands | 167 | |
| Build / train | 104 | |
| ESC pressed | 6 | |
| Enter build submenu | 34 | |
| Enter hero's abilities submenu | 4 | |
| Right click | 1280 | |
| Select / deselect | 562 | |
| Select group hotkey | 44 | |
| Use ability | 122 | |
2334 total
» units
» upgrades
| Abolish Magic | 1 | |
| Strength of the Wild | 1 | |
2 total
» buildings
| Altar of Elders | 2 | |
| Moon Well | 5 | |
| Hunter's Hall | 1 | |
| Ancient of War | 3 | |
| Tree of Life | 3 | |
| Tree of Ages | 1 | |
| Ancient of Lore | 4 | |
| Ancient Protector | 11 | |
| Ancient of Wonders | 2 | |
32 total
» build order
00:04 Altar of Elders
00:05 Moon Well
02:05 Hunter's Hall
02:07 Ancient of War
02:09 Ancient of War
02:31 Moon Well
02:47 Moon Well
08:00 Tree of Life
08:06 Ancient of War
12:55 Tree of Ages
14:39 Moon Well
15:36 Ancient of Lore
16:16 Ancient of Lore
18:05 Tree of Life
18:24 Altar of Elders
22:13 Ancient Protector
22:14 Ancient Protector
22:16 Ancient Protector
22:25 Ancient of Wonders
22:35 Ancient of Wonders
24:30 Ancient Protector
25:21 Moon Well
25:25 Ancient Protector
25:27 Ancient Protector
25:29 Ancient Protector
25:47 Ancient Protector
26:20 Ancient of Lore
26:26 Ancient of Lore
26:42 Ancient Protector
27:01 Tree of Life
28:47 Ancient Protector
28:48 Ancient Protector
» items
team 2 (loser)
llllllllllllllD (
blue | 75 APM | 2159 actions | 28:58)
5 Death Knight
3 Death Coil
2 Unholy Aura
1 Lich
1 Frost Nova
» actions
| Assign group hotkey | 51 | |
| Basic commands | 1 | |
| Build / train | 97 | |
| ESC pressed | 9 | |
| Enter build submenu | 35 | |
| Enter hero's abilities submenu | 6 | |
| Right click | 1172 | |
| Select / deselect | 283 | |
| Select group hotkey | 370 | |
| Use ability | 135 | |
2159 total
» units
| Acolyte | 25 | |
| Ghoul | 6 | |
| Crypt Fiend | 15 | |
| Frost Wyrm | 2 | |
48 total
» upgrades
| Creature Attack | 2 | |
| Web | 1 | |
| Burrow | 1 | |
| Creature Carapace | 1 | |
| Ghoul Frenzy | 1 | |
6 total
» buildings
| Graveyard | 1 | |
| Crypt | 1 | |
| Ziggurat | 19 | |
| Altar of Darkness | 1 | |
| Tomb of Relics | 1 | |
| Nerubian Tower | 1 | |
| Halls of the Dead | 3 | |
| Spirit Tower | 12 | |
| Necropolis | 3 | |
| Black Citadel | 1 | |
| Sacrificial Pit | 1 | |
| Boneyard | 2 | |
| Slaughterhouse | 1 | |
47 total
» build order
00:41 Graveyard
00:45 Crypt
00:49 Ziggurat
00:57 Altar of Darkness
01:13 Ziggurat
01:28 Tomb of Relics
02:02 Nerubian Tower
04:34 Ziggurat
06:12 Halls of the Dead
06:34 Spirit Tower
07:22 Necropolis
07:35 Ziggurat
08:59 Spirit Tower
10:01 Ziggurat
10:12 Ziggurat
10:15 Ziggurat
10:17 Ziggurat
11:07 Spirit Tower
11:08 Spirit Tower
11:08 Spirit Tower
11:09 Spirit Tower
11:52 Halls of the Dead
12:31 Necropolis
12:42 Spirit Tower
15:39 Ziggurat
16:24 Halls of the Dead
16:34 Spirit Tower
17:40 Ziggurat
17:42 Necropolis
17:52 Ziggurat
17:54 Ziggurat
17:55 Ziggurat
17:58 Ziggurat
19:37 Spirit Tower
19:48 Spirit Tower
19:48 Spirit Tower
19:56 Spirit Tower
20:24 Black Citadel
20:28 Sacrificial Pit
22:25 Ziggurat
22:26 Ziggurat
22:28 Ziggurat
22:30 Ziggurat
22:36 Ziggurat
22:49 Boneyard
23:04 Boneyard
24:06 Slaughterhouse
» items
| Rod of Necromancy | 3 | |
| Scroll of Town Portal | 3 | |
| Potion of Healing | 2 | |
| Potion of Mana | 2 | |
10 total
MUGARO (
yellow | 77 APM | 2242 actions | 28:56)
5 Priestess of the Moon
3 Trueshot Aura
2 Scout
» actions
| Assign group hotkey | 25 | |
| Basic commands | 79 | |
| Build / train | 67 | |
| ESC pressed | 5 | |
| Enter build submenu | 34 | |
| Enter hero's abilities submenu | 5 | |
| Give item / drop item | 1 | |
| Right click | 1166 | |
| Select / deselect | 515 | |
| Select group hotkey | 268 | |
| Use ability | 77 | |
2242 total
» units
» upgrades
| Strength of the Moon | 1 | |
| Moon Armor | 1 | |
| Strength of the Wild | 2 | |
| Reinforced Hides | 2 | |
| Nature's Blessing | 1 | |
| Abolish Magic | 1 | |
8 total
» buildings
| Altar of Elders | 1 | |
| Moon Well | 5 | |
| Ancient of War | 4 | |
| Hunter's Hall | 1 | |
| Tree of Ages | 1 | |
| Tree of Life | 7 | |
| Ancient of Lore | 3 | |
| Ancient Protector | 1 | |
23 total
» build order
00:11 Altar of Elders
00:20 Moon Well
01:23 Ancient of War
01:28 Hunter's Hall
01:39 Ancient of War
01:45 Ancient of War
01:49 Moon Well
02:06 Ancient of War
02:19 Moon Well
02:31 Moon Well
05:49 Moon Well
07:47 Tree of Ages
09:46 Tree of Life
11:54 Ancient of Lore
11:58 Ancient of Lore
13:11 Ancient of Lore
15:24 Tree of Life
15:26 Tree of Life
16:05 Ancient Protector
18:05 Tree of Life
18:20 Tree of Life
18:39 Tree of Life
25:02 Tree of Life
» items
| Scroll of Town Portal | 2 | |
| Rod of Necromancy | 1 | |
3 total
PAX (
teal | 42 APM | 1226 actions | 28:59)
4 Blademaster
2 Wind Walk
2 Critical Strike
» actions
| Assign group hotkey | 1 | |
| Build / train | 23 | |
| Enter build submenu | 4 | |
| Enter hero's abilities submenu | 4 | |
| Right click | 1014 | |
| Select / deselect | 130 | |
| Use ability | 50 | |
1226 total
» units
» buildings
| Altar of Storms | 1 | |
| Orc Burrow | 1 | |
| Voodoo Lounge | 1 | |
| Great Hall | 1 | |
4 total
» build order
00:07 Altar of Storms
00:10 Orc Burrow
01:27 Voodoo Lounge
08:29 Great Hall
» items
| Healing Salve | 2 | |
| Lesser Clarity Potion | 3 | |
| Scroll of Speed | 1 | |
6 total
x]1 (
pink | 153 APM | 5184 actions | 33:54)
6 Death Knight
3 Death Coil
2 Unholy Aura
1 Death Pact
6 Lich
3 Frost Nova
2 Dark Ritual
1 Death and Decay
4 Pandaren Brewmaster
2 Breath of Fire
2 Drunken Haze
» actions
| Assign group hotkey | 38 | |
| Basic commands | 108 | |
| Build / train | 80 | |
| Enter build submenu | 22 | |
| Enter hero's abilities submenu | 15 | |
| Give item / drop item | 6 | |
| Remove unit from queue | 1 | |
| Right click | 1823 | |
| Select / deselect | 471 | |
| Select group hotkey | 2465 | |
| Use ability | 155 | |
5184 total
» units
| Acolyte | 8 | |
| Ghoul | 3 | |
| Crypt Fiend | 7 | |
| Obsidian Statue | 3 | |
| Frost Wyrm | 5 | |
26 total
» upgrades
| Burrow | 1 | |
| Web | 1 | |
| Creature Attack | 3 | |
| Destroyer Form | 1 | |
| Creature Carapace | 2 | |
| Freezing Breath | 1 | |
9 total
» buildings
| Graveyard | 1 | |
| Crypt | 1 | |
| Altar of Darkness | 1 | |
| Ziggurat | 11 | |
| Tomb of Relics | 1 | |
| Nerubian Tower | 1 | |
| Halls of the Dead | 1 | |
| Slaughterhouse | 1 | |
| Black Citadel | 1 | |
| Sacrificial Pit | 1 | |
| Necropolis | 1 | |
| Boneyard | 3 | |
24 total
» build order
00:12 Graveyard
00:17 Crypt
00:44 Altar of Darkness
00:52 Ziggurat
01:42 Tomb of Relics
01:51 Ziggurat
02:25 Nerubian Tower
03:47 Halls of the Dead
04:20 Ziggurat
04:43 Ziggurat
06:24 Slaughterhouse
09:44 Black Citadel
10:31 Sacrificial Pit
10:53 Ziggurat
10:54 Ziggurat
11:32 Necropolis
12:18 Boneyard
12:21 Boneyard
13:38 Boneyard
22:07 Ziggurat
22:07 Ziggurat
23:05 Ziggurat
23:07 Ziggurat
23:14 Ziggurat
» items
| Rod of Necromancy | 6 | |
| Potion of Healing | 3 | |
| Scroll of Town Portal | 7 | |
| Scroll of Healing | 3 | |
| Orb of Corruption | 1 | |
| Potion of Lesser Invulnerability | 1 | |
21 total
Chat log
(00:11 / All) STFU_NOOBELF: TORY STORY 3
(00:14 / All) STFU_NOOBELF: 2010 BABY
(00:17 / All) CORRUPTEDEVIL: lies
(00:24 / All) STFU_NOOBELF: http://en.wikipedia.org/wiki/Toy_Story_3
(00:24 / All) STFU_NOOBELF: GG
(00:26 / All) YeahShesAssBATS: whos on pax
(00:30 / All) YeahShesAssBATS: toystory 2 was OK
(00:35 / All) STFU_NOOBELF: strange
(00:37 / All) STFU_NOOBELF: things are happin to me
(00:39 / All) STFU_NOOBELF: dududuudududu
(00:40 / All) STFU_NOOBELF: strange
(00:42 / All) STFU_NOOBELF: things
(00:46 / All) YeahShesAssBATS: Hi Mugaro
(00:50 / All) STFU_NOOBELF: strange things are happin to me
(00:50 / All) YeahShesAssBATS: I have pictures of you in my bedroom
(00:55 / All) STFU_NOOBELF: aint no doubt about it
(01:10 / All) STFU_NOOBELF: hi josh
(01:11 / All) x]1: CLOWN
(01:15 / All) CORRUPTEDEVIL: HI
(01:17 / All) x]1: YOU WONT ALT QQ FOR ME?
(01:25 / All) CORRUPTEDEVIL: I DID IT LAST NIGHT
(01:33 / All) x]1: TWO TIMES TO MUCH?
(01:41 / All) STFU_NOOBELF: x]1...... YOUR FAKE
(01:50 / All) CORRUPTEDEVIL: drew!
(01:55 / All) x]1: YOU ARE CORRECT
(02:47 / All) STFU_NOOBELF: pax u
(03:13 / All) STFU_NOOBELF: grubby wouldve lost nothing
(03:18 / All) llllllllllllllD: honestly clown the fact that you think this strat works
(03:20 / All) llllllllllllllD: is sad
(03:32 / All) CORRUPTEDEVIL: who r u
(03:47 / All) llllllllllllllD: better than you
(03:52 / All) llllllllllllllD: go back to the fucking circus
(03:53 / All) CORRUPTEDEVIL: ?:(
(04:04 / All) STFU_NOOBELF: steve irwin died a year ago today
(04:11 / All) llllllllllllllD: good ridance to that nigger
(04:17 / All) STFU_NOOBELF: he was australian tho
(05:15 / All) CORRUPTEDEVIL: why do i never get to feed drew
(05:21 / All) llllllllllllllD: cuz you suck at it
(05:24 / All) llllllllllllllD: you go afk
(05:26 / All) CORRUPTEDEVIL: :(
(05:28 / All) YeahShesAssBATS: Shut up alex
(05:29 / All) CORRUPTEDEVIL: HI ALEX
(05:33 / All) YeahShesAssBATS: lol
(06:22 / All) llllllllllllllD: i only speak the truth clown
(09:00 / All) STFU_NOOBELF: this is appalation state vs mich all over again
(09:05 / All) llllllllllllllD: pfft
(09:08 / All) llllllllllllllD: shut up nab
(09:22 / All) STFU_NOOBELF: NO U
(09:27 / All) llllllllllllllD: plz nigger
(09:48 / All) llllllllllllllD: dont use phrases that you didnt make
(09:54 / All) STFU_NOOBELF: no u
(10:07 / All) monKEYspanKING: don't all you guys do is speak and act like mugaro?
(10:12 / All) YeahShesAssBATS: its true
(10:18 / All) STFU_NOOBELF: they kiss his ass ~_~
(10:30 / All) MUGARO: smerbeck said that?
(10:38 / All) monKEYspanKING: well is true
(10:44 / All) MUGARO: how the hell would someone who doesnt know me say that
(10:56 / All) MUGARO: thats like me saying you all are trying to fuck gina
(10:59 / All) YeahShesAssBATS: hes been on your vent
(11:02 / All) YeahShesAssBATS: well its true
(11:03 / All) MUGARO: i know nothing about you but thats true
(11:05 / All) MUGARO: bad example
(11:05 / All) YeahShesAssBATS: oh my god
(11:08 / All) MUGARO: no he hasnt
(11:13 / All) MUGARO: ive never talked to smerb on vent
(11:19 / All) YeahShesAssBATS: well
(11:22 / All) YeahShesAssBATS: hes been banned there
(11:22 / All) MUGARO: well what
(11:24 / All) MUGARO: dumbass
(11:39 / All) MUGARO: ive never talked to smerb on vent so his insight is horseshit
(12:05 / All) STFU_NOOBELF: leave
(12:09 / All) llllllllllllllD: shut up nigger
(12:18 / All) STFU_NOOBELF: NO U
(12:51 / All) STFU_NOOBELF: i come from the darkness of the pit k thx
(12:57 / All) llllllllllllllD: plz nigger
(12:59 / Allies) YeahShesAssBATS: oh raped
(13:01 / All) YeahShesAssBATS: oh raped
(13:03 / All) YeahShesAssBATS: tower up moar plz
(13:11 / All) STFU_NOOBELF: holy crap!~
(13:16 / All) YeahShesAssBATS: tower up!!1
(13:17 / All) llllllllllllllD: plz
(14:04 / All) STFU_NOOBELF: corrupted devil owns u
(14:15 / All) llllllllllllllD: lol hes a worthless clown and will be the end of his days
(14:23 / All) YeahShesAssBATS: shut up
(14:24 / All) YeahShesAssBATS: tt
(14:25 / All) llllllllllllllD: his strat is shitty too
(14:30 / All) YeahShesAssBATS: it just raped you
(14:31 / All) YeahShesAssBATS: actually
(14:34 / All) llllllllllllllD: lool
(14:36 / All) llllllllllllllD: k
(14:46 / All) llllllllllllllD: make believe that it works
(15:12 / All) llllllllllllllD: if clown wins its all luck or he gets carried
(18:01 / All) CORRUPTEDEVIL: the wonders of dbl clicking my tp
(18:34 / All) STFU_NOOBELF: cancel drew
(19:26 / All) STFU_NOOBELF: noob
(19:33 / All) STFU_NOOBELF: lol
(23:39 / All) STFU_NOOBELF: nice
(23:45 / All) llllllllllllllD: SHUT NIGGER
(23:48 / All) llllllllllllllD: YOUR FUCKING FILTH
(23:54 / All) STFU_NOOBELF: llick my ballz
(23:57 / All) llllllllllllllD: K
(24:00 / All) llllllllllllllD: PULL EM BIG BOY
(24:01 / All) STFU_NOOBELF: no u
(25:47 / All) llllllllllllllD: i love how red talks likes good when he got tri fed like a dumb mexican
(25:53 / All) YeahShesAssBATS: tri fed?
(25:57 / All) STFU_NOOBELF: no u did
(26:01 / All) llllllllllllllD: no
(26:03 / All) llllllllllllllD: there was no feeding
(26:05 / All) STFU_NOOBELF: U
(26:05 / All) STFU_NOOBELF: NOOB
(26:06 / All) STFU_NOOBELF: STFU
(26:07 / All) STFU_NOOBELF: DIE
(26:08 / All) llllllllllllllD: lol
(26:09 / All) llllllllllllllD: k nigger
(26:11 / All) llllllllllllllD: who fed?
(26:12 / All) STFU_NOOBELF: NO U
(26:26 / All) STFU_NOOBELF: fucking jewish towerer
(26:37 / All) llllllllllllllD: shut it nigger
(26:45 / All) llllllllllllllD: fucking say we fed
(26:49 / All) llllllllllllllD: we had no feeder
(26:53 / All) STFU_NOOBELF: dead nigger master
(27:34 / All) STFU_NOOBELF: LOL!
(27:36 / All) llllllllllllllD: fucking right click ud
(27:37 / All) llllllllllllllD: lol
(27:40 / All) STFU_NOOBELF: NO U
(27:45 / All) llllllllllllllD: i love how your talking trash
(27:52 / All) STFU_NOOBELF: SHUT UP LW STUPID NUTS
(28:00 / All) llllllllllllllD: arent you cleve
(28:00 / All) YeahShesAssBATS: roger you're good
(28:10 / All) MUGARO: roger?
(28:29 / All) STFU_NOOBELF: corr beats drew lol
(28:32 / All) CORRUPTEDEVIL: i have a headache
(28:38 / All) MUGARO: stranger things have happened
(28:41 / All) llllllllllllllD: lol plz nigger your lucky we didnt tp to save me earlier
(28:48 / All) STFU_NOOBELF: shut up jewbag
(28:53 / All) llllllllllllllD: only thing that lost us this game right there
(28:56 / All) llllllllllllllD: k noobfuck
(29:00 / All) monKEYspanKING: gg
(29:00 / All) STFU_NOOBELF: i fucking right click better then u
(29:25 / All) CORRUPTEDEVIL: chiner
(29:28 / All) CORRUPTEDEVIL: you're mean
(29:31 / All) x]1: hAI
(29:37 / All) CORRUPTEDEVIL: i still love you
(29:37 / All) STFU_NOOBELF: chode ownz u
(30:22 / All) YeahShesAssBATS: nuke my panda
(30:23 / All) YeahShesAssBATS: :(
(30:38 / All) STFU_NOOBELF: |uproot yellow tree lol
(30:48 / All) CORRUPTEDEVIL: CHINER UPROOT DREWS TREE
(30:51 / All) CORRUPTEDEVIL: ILL 1V1 IT
(31:18 / All) STFU_NOOBELF: aps>pandar
(33:47 / All) x]1: GG
(33:51 / All) CORRUPTEDEVIL: GG
(33:53 / All) STFU_NOOBELF: by